 Dungeon Crawl Stone Soup version 0.22-a0-407-gb098539405 (console) character file.

1056 Engwar the Ruffian (level 8, 0/58 (59) HPs)
             Began as a Purple Draconian Transmuter on May 9, 2018.
             Was a Believer of Ru.
             Slain by a centaur (3 damage)
             ... on level 6 of the Dungeon.
             The game lasted 00:32:18 (4844 turns).

Engwar the Ruffian (Purple Draconian Transmuter)    Turns: 4844, Time: 00:32:19

HP:   0/58 (59)     AC:  6    Str: 14    XL:     8   Next: 6%
MP:   11/11         EV: 12    Int: 15    God:    Ru [**....]
Gold: 282           SH:  0    Dex: 11    Spells: 1/11 levels left

rFire    . . .     SeeInvis .     - Unarmed
rCold    . . .     Gourm    .   (no shield)
rNeg     . . .     Faith    .   (armour unavailable)
rPois    .         Spirit   .   (helmet restricted)
rElec    .         Reflect  .   (no cloak)
rCorr    .         Harm     .   (no gloves)
MR       +....                  (no boots)
Stlth    +.........             (no amulet)
HPRegen  0.19/turn              (no ring)
MPRegen  0.12/turn              (no ring)

@: no status effects
A: breathe power, unfitting armour, cold-blooded, unskilled 1, AC +6
a: Breathe Dispelling Energy, Renounce Religion


You were on level 6 of the Dungeon.
You worshipped Ru.
Ru was pleased with you.
You were not hungry.

You visited 1 branch of the dungeon, and saw 6 of its levels.

You collected 282 gold pieces.

Inventory:

Hand Weapons
 a - a +0 hunting sling
Missiles
 d - 56 arrows
 g - 112 stones (quivered)
 h - 27 sling bullets
 l - 8 needles of sleeping
 o - 20 poisoned needles
 q - 10 javelins
Scrolls
 e - a scroll of magic mapping
 f - a scroll of enchant armour
 i - 2 scrolls of fear
 m - a scroll of fog
 u - a scroll of amnesia
 w - a scroll of blinking
Potions
 b - 2 potions of magic
 j - a potion of lignification {unknown}
 k - 3 potions of brilliance
 n - 2 potions of heal wounds {unknown}
 p - a potion of might
 r - a potion of agility {unknown}
Comestibles
 c - 7 rations


   Skills:
 - Level 1.0 Fighting
 - Level 1.5 Dodging
 + Level 7.7 Unarmed Combat
 - Level 2.1 Spellcasting
 - Level 4.2 Transmutations
 - Level 2.3 Poison Magic


You had one spell level left.
You knew the following spells:

 Your Spells              Type           Power        Failure   Level  Hunger
a - Beastly Appendage     Tmut           ##....       3%          1    #......
b - Sticks to Snakes      Tmut           ##......     6%          2    ###....
c - Spider Form           Tmut/Pois      ##........   17%         3    ###....
d - Ice Form              Ice/Tmut       #.......     67%         4    #####..


Dungeon Overview and Level Annotations

Branches:
Dungeon (6/15)
 Temple: D:4-7

Altars:
Qazlal
Ru

Annotations:
D:4 Edmund, Sigmund


Innate Abilities, Weirdness & Mutations

You can breathe bolts of dispelling energy.
Your rich purple scales are hard. (AC +6)
You cannot fit into any form of body armour.
You are cold-blooded and may be slowed by cold attacks.
You are somewhat unskilled. (-1 Apt)


Message History

The orc priest is severely wounded.
The orc priest hits you with a morningstar of protection!
A centaur comes into view.
You barely miss the orc priest.
The centaur shouts!
You tail-slap the orc priest, but do no damage.
The orc priest is heavily wounded.
Your talons disappear.
The orc priest barely misses you.
You hit the orc priest.
The orc priest is almost dead.
The orc priest hits you with a morningstar of protection!
* * * LOW HITPOINT WARNING * * *
You hit the orc priest.
You kill the orc priest!
The centaur wields a shortbow.
The centaur shoots an arrow.
The arrow hits you!
* * * LOW HITPOINT WARNING * * *
The centaur unwields an uncursed shortbow.
The centaur hits you.
You die...

#.#...# #.##### .. #.#
#.# #.# ##..# # #>#
#...##.## #.# ........#
#.# #....... #.#
#####....$# #.#
#....o#..##
#>###########.###.....#
#.........(@c.#
##.......
############### ......#
.###.## .# # .. ##


You could see a centaur.

Vanquished Creatures
  Duvessa (D:4)
  An ice beast (D:4)
  A necrophage (D:6)
  A water moccasin zombie (D:5)
  Dowan (D:4)
  2 howler monkeys
  3 crimson imps (D:5)
  A hound (D:4)
  A jelly (D:6)
  A centaur skeleton (D:5)
  A gnoll shaman (D:6)
  3 orc priests
  An orc wizard (D:6)
  A bullfrog skeleton (D:5)
  A worker ant (D:4)
  A worker ant zombie (D:3)
  8 gnolls
  4 adders
  An ooze (D:4)
  A worm (D:2)
  5 leopard geckos
  6 orcs
  6 giant cockroaches
  8 hobgoblins
  11 jackals
  3 quokkas
  2 ball pythons
  7 bats
  3 frilled lizards (D:1)
  5 goblins
  A jackal zombie (D:5)
  6 kobolds (D:1)
  A quokka skeleton (D:5)
  5 rats
104 creatures vanquished.

Vanquished Creatures (others)
  A quokka (D:5)
  A plant (D:1)
2 creatures vanquished.

Grand Total: 106 creatures vanquished

Notes
Turn   | Place    | Note
-------+----------+-------------------------------------------
     0 | D:1      | Engwar the Draconian Transmuter began the quest for the Orb.
     0 | D:1      | Reached XP level 1. HP: 16/16 MP: 3/3
    54 | D:1      | Reached XP level 2. HP: 23/23 MP: 5/5
    58 | D:1      | Learned a level 2 spell: Sticks to Snakes
   459 | D:1      | Reached XP level 3. HP: 28/28 MP: 4/6
   467 | D:1      | Learned a level 3 spell: Spider Form
   879 | D:2      | Reached skill level 1 in Poison Magic
   989 | D:2      | Reached XP level 4. HP: 19/35 MP: 5/7
  1188 | D:2      | Found a sacrificial altar of Ru.
  1210 | D:2      | Became a worshipper of Ru the Awakened
  2371 | D:3      | Reached XP level 5. HP: 24/40 MP: 6/8
  2730 | D:4      | Noticed an ice beast
  2762 | D:4      | Killed an ice beast
  2762 | D:4      | Reached skill level 4 in Unarmed Combat
  2795 | D:4      | Reached XP level 6. HP: 47/47 MP: 9/9
  2831 | D:4      | Noticed Sigmund
  2890 | D:4      | Noticed Duvessa
  2936 | D:4      | Noticed Dowan
  2945 | D:4      | Killed Duvessa
  2945 | D:4      | Reached skill level 5 in Unarmed Combat
  2947 | D:4      | Killed Dowan
  2950 | D:4      | Reached skill level 6 in Unarmed Combat
  2954 | D:4      | Gained mutation: You are somewhat unskilled. (-1 Apt) [Ru sacrifice]
  2954 | D:4      | Reduced skill Unarmed Combat to level 5
  2954 | D:4      | Reduced skill Spellcasting to level 1
  2954 | D:4      | Reached * piety under Ru
  2954 | D:4      | Reached ** piety under Ru
  3177 | D:4      | Noticed Edmund
  3435 | D:5      | Entered Level 5 of the Dungeon
  3477 | D:5      | Your scales start taking on a rich purple colour.
  3477 | D:5      | Reached XP level 7. HP: 52/52 MP: 8/10
  3483 | D:5      | Learned a level 4 spell: Ice Form
  3674 | D:5      | Reached skill level 6 in Unarmed Combat
  3682 | D:5      | Found a stormy altar of Qazlal.
  4374 | D:6      | Reached skill level 7 in Unarmed Combat
  4723 | D:6      | Reached XP level 8. HP: 55/58 MP: 9/11
  4844 | D:6      | Slain by a centaur

Vault maps used:
D:1:      dpeg_arrival_long_road, serial_bayou_pond_e, lexackson_kobold_supper
D:2:      first_ration, nicolae_ru_sacrificial_ziggurat
D:4:      lightli_corner_chamber, uniq_edmund, uniq_duvessa, uniq_sigmund
D:5:      basic_altar
D:6:      nicolae_dithmenos_shadow_blocks, uniq_pikel, uniq_crazy_yiuf_cottage

Skill      XL: |  1  2  3  4  5  6  7 |
---------------+----------------------+-----
Transmutations | 3 4 |  4.2
Poison Magic   | 1 2 |  2.3
Unarmed Combat | 4 5 7 |  7.7
Spellcasting   | 2 |  2.1
Fighting       | |  1.0
Dodging        | |  1.5

Action                   |  1- 3 |  4- 6 |  7- 9 || total
-------------------------+-------+-------+-------++-------
Melee: Unarmed           |   149 |   107 |   165 ||   421
       Tailslap          |    15 |    11 |    15 ||    41
       Kick              |    13 |    16 |     8 ||    37
       Headbutt          |     4 |     4 |    11 ||    19
       Punch             |       |     1 |     2 ||     3
 Fire: Hunting sling     |     2 |    18 |       ||    20
 Cast: Beastly Appendage |    15 |    11 |    13 ||    39
       Spider Form       |       |     1 |       ||     1
Invok: Sacrifice Skill   |       |     1 |       ||     1
  Use: Scroll            |       |    14 |     2 ||    16
       Potion            |       |     2 |       ||     2
 Stab: Distracted        |       |       |     1 ||     1
       Sleeping          |       |       |     1 ||     1
  Eat: Chunk             |     1 |     7 |     2 ||    10
       Ration            |       |     1 |       ||     1
Armor: Skin              |    52 |    21 |    38 ||   111
Dodge: Dodged            |    90 |    75 |    65 ||   230

Table legend:
 A = Spawn XP
 B = Non-spawn XP
 C = Spawn XP percentage of total XP
 D = Spawn monster count
 E = Non-spawn monster count
 F = Spawn count percentage of total count
 G = Total turns spent on level
                    A         B        C        D         E        F      G
               +---------+---------+-------+---------+---------+-------+---------
         Total |       0 |    1509 |   0.0 |       0 |     105 |   0.0 |  4844
               +---------+---------+-------+---------+---------+-------+---------
           D:1 |       0 |      71 |   0.0 |       0 |      36 |   0.0 |   870
           D:2 |       0 |      41 |   0.0 |       0 |       8 |   0.0 |   935
           D:3 |       0 |     126 |   0.0 |       0 |      13 |   0.0 |  1087
           D:4 |       0 |     490 |   0.0 |       0 |      16 |   0.0 |   543
           D:5 |       0 |     393 |   0.0 |       0 |      18 |   0.0 |   904
           D:6 |       0 |     388 |   0.0 |       0 |      14 |   0.0 |   505
               +---------+---------+-------+---------+---------+-------+---------
